 Dungeon Crawl Stone Soup version 0.28.0 (webtiles) character file.

Game seed: 3188633696799033377

833 Anon1729 the Insei (level 7, -1/34 (43) HPs)
             Began as an Octopode Transmuter on Feb 16, 2022.
             Was an Initiate of Fedhas.
             Slain by a wight (9 damage)
             ... on level 4 of the Dungeon.
             The game lasted 00:07:26 (6268 turns).

Anon1729 the Insei (Octopode Transmuter)            Turns: 6268, Time: 00:07:26

HP:   -1/34 (43)    AC:  1    Str: 10    XL:     7   Next: 98%
MP:   9/10          EV: 13    Int: 17    God:    Fedhas [......]
Gold: 301           SH:  0    Dex: 14    Spells: 4/10 levels left

rFire   . . .      SeeInvis +     - Unarmed
rCold   . . .      Faith    .   (no shield)
rNeg    . . .      Spirit   .   (helmet currently unavailable)
rPois   .          Reflect  .   (no amulet)
rElec   .          Harm     .   e - ring of willpower
rCorr   .          Rampage  .   i - ring of see invisible
Will    +....                   (no ring)
Stlth   +++.......              (no ring)
HPRegen 0.11/turn               (no ring)
MPRegen 0.12/turn               (no ring)
                                (no ring)
                                (no ring)

@: appendages, heavily drained
A: tentacle spike 3, almost no armour, amphibious, 8 rings, camouflage 1,
gelatinous body 1, (nimble swimmer 1), tentacles, agile 1
a: End Transformation, Renounce Religion


You were on level 4 of the Dungeon.
You worshipped Fedhas.
Fedhas was noncommittal.
One of your tentacles had grown a beastly spike.
You visited 1 branch of the dungeon, and saw 5 of its levels.

You collected 301 gold pieces.

Inventory:

Missiles
 b - 2 poisoned darts
Jewellery
 e - a ring of willpower (left tentacle)
 i - a ring of see invisible (right tentacle)
Wands
 p - a wand of flame (24)
 q - a wand of mindburst (12)
Scrolls
 a - 2 scrolls of fog
 h - a scroll of acquirement
 k - a scroll of magic mapping
 m - a scroll of immolation {unknown}
 o - a scroll of teleportation
Potions
 c - a potion of might {unknown}
 d - a potion of magic {unknown}
 f - a potion of mutation
 g - a potion of degeneration {unknown}
 j - a potion of flight {unknown}
 l - 3 potions of brilliance {unknown}
 n - 2 potions of curing {unknown}


   Skills:
 - Level 1.1 Fighting
 - Level 2.1 Dodging
 + Level 1.9 Stealth
 + Level 6.5 Unarmed Combat
 - Level 2.1 Spellcasting
 + Level 4.2 Transmutations
 + Level 4.1 Poison Magic
 + Level 2.9 Invocations


You had 4 spell levels left.
You knew the following spells:

 Your Spells              Type           Power      Damage    Failure   Level
a - Beastly Appendage     Tmut           32%        N/A       3%          1
b - Wereblood             Tmut           16%        N/A       4%          2
c - Spider Form           Tmut/Pois      15%        N/A       11%         3

Your spell library contained the following spells:

 Spells                   Type           Power      Damage    Failure   Level
 Scorch                   Fire           2%         2d5       28%         2
 Static Discharge         Conj/Air       1%         N/A       28%         2
 Ozocubu's Armour         Ice            1%         N/A       50%         3
 Ice Form                 Ice/Tmut       8%         N/A       63%         4
 Flame Wave               Conj/Fire      1%         2d4       88%         4
 Lightning Bolt           Conj/Air       0%         1d11      99%         5
 Metabolic Englaciation   Hex/Ice        0%         N/A       99%         5
 Simulacrum               Ice/Necr       0%         N/A       100%        6
 Summon Cactus Giant      Summ           0%         N/A       100%        6
 Maxwell's Capacitive Co  Air            0%         ∞         100%        8


Dungeon Overview and Level Annotations

Branches:
Dungeon (5/15)
 Temple: D:4-7

Altars:
Fedhas
Nemelex Xobeh
Ru
Trog
Beogh

Shops:
D:5 :

Annotations:
D:5 3 runed translucent doors, Jazqba's ghost, novice TrHu


Innate Abilities, Weirdness & Mutations

One of your tentacles has grown a beastly spike.
You cannot wear most types of armour.
You are amphibious.
You can wear up to eight rings at the same time.
Your skin changes colour to match your surroundings (Stealth+).
Your rubbery body absorbs attacks. (AC +1, EV +1)
((You are camouflaged when in or above water. (Stealth+)))
You have tentacles for arms and can constrict up to eight enemies at once.
You are agile. (Dex +2)


Message History

Fedhas appreciates your contribution to the ecosystem.
The wight enters a dispersal trap!
You blink.
The wight blinks!
You tentacle-slap the wight but do no damage.
Your grab misses the wight. The wight hits you with a +2 hand axe!
You feel drained.
You see here the +6 mace of Jadab {vorpal, SInv}.
You start resting.
A wight is nearby!
You start resting.
A wight is nearby!
A wight is nearby!
A wight is nearby!
There is a stone staircase leading up here.
You climb upwards.
There is a stone staircase leading down here.
You start resting.
HP restored.
You climb downwards.
There is a stone staircase leading up here.
One of your tentacles grows a vicious spike.
The wight hits you from afar with a +0 trident!
You feel drained. The wight hits you with a +0 trident.
You feel drained.
You closely miss the wight. You grab the wight. You squeeze the wight.
The wight is lightly damaged.
You constrict the wight. The wight barely misses you.
You tentacle-slap the wight but do no damage.
You pierce the wight.
The wight is heavily damaged.
You constrict the wight. The wight hits you with a +0 trident.
You are too injured to fight recklessly!
You tentacle-slap the wight but do no damage.
The wight is heavily damaged.
You constrict the wight. The wight hits you with a +0 trident!
You feel drained.
* * * LOW HITPOINT WARNING * * *
You release your grip on the wight.
The wight hits you from afar with a +0 trident!
You die...
Fedhas appreciates your contribution to the ecosystem.

#.##[#.......................
#....#..#...........#####.###
#####.......#.#..########.###
#...###...#.....#..†..#..
###.......####.##.#.#####..
#...>......................
#.#....###...######...#.###
#.#......<.#.#....###.#.###
#.#.......@...........#...#
##....#..≈≈≈≈≈≈≈≈≈.#######.#
#...#.##.≈z..[...≈.......#..
#.....(..≈.♣.♣♣♣.≈.#####.###
#...#.##.≈.♣...♣.≈.# #......
###.....z≈.♣._.♣.≈.# ##..##.
#####..≈.♣...♣.≈.# #..##.
##.≈.♣♣♣.♣.≈.# #.....
##.≈....)..≈.# #.####


You could see 2 wights.

Vanquished Creatures
  A water moccasin (D:4)
  A black bear (D:3)
  A centaur (D:5)
  A phantom (D:5)
  A bullfrog (D:4)
  A scorpion (D:4)
  A wight (D:4)
  2 hounds (D:2)
  A centaur skeleton (D:4)
  A bullfrog skeleton (D:5)
  2 iguanas
  4 adders
  An ufetubus (D:4)
  An adder skeleton (D:4)
  5 worms
  2 dart slugs (D:1)
  5 orcs
  4 bats
  9 endoplasms
  6 giant cockroaches
  12 goblins
  4 hobgoblins
  5 kobolds
  4 quokkas
  12 ball pythons
  3 frilled lizards
  7 rats
97 creatures vanquished.

Notes
Turn   | Place    | Note
-------+----------+-------------------------------------------
     0 | D:1      | Anon1729 the Octopode Transmuter began the quest for the
                  | Orb.
     0 | D:1      | Reached XP level 1. HP: 13/13 MP: 3/3
    81 | D:1      | Reached XP level 2. HP: 4/18 MP: 3/5
   768 | D:1      | Reached XP level 3. HP: 18/23 MP: 4/6
  1023 | D:2      | Found a sacrificial altar of Ru.
  1157 | D:2      | Reached skill level 4 in Unarmed Combat
  1157 | D:2      | Reached XP level 4. HP: 17/28 MP: 4/7
  1294 | D:2      | Reached skill level 5 in Unarmed Combat
  1702 | D:2      | Found a faded altar of an unknown god.
  2151 | D:3      | Found a sparkling altar of Nemelex Xobeh.
  2164 | D:3      | Noticed a black bear
  2187 | D:2      | Learned a level 2 spell: Wereblood
  2191 | D:2      | Learned a level 3 spell: Spider Form
  2479 | D:3      | Reached XP level 5. HP: 25/33 MP: 3/8
  2682 | D:3      | Killed a black bear
  2683 | D:3      | Reached skill level 1 in Poison Magic
  2943 | D:3      | Reached XP level 6. HP: 37/38 MP: 7/9
  2946 | D:3      | Identified a scroll of acquirement
  3405 | D:4      | Found a blossoming altar of Fedhas.
  3431 | D:4      | Identified the +6 mace of Jadab {vorpal, SInv}
  3443 | D:4      | Became a worshipper of Fedhas Madash
  3487 | D:4      | Reached skill level 1 in Invocations
  3754 | D:4      | Reached skill level 6 in Unarmed Combat
  4033 | D:4      | Reached XP level 7. HP: 36/43 MP: 10/10
  4273 | D:4      | Found a bloodstained altar of Trog.
  4511 | D:5      | Entered Level 5 of the Dungeon
  4693 | D:5      | Found a runed translucent gate.
  4693 | D:5      | Found a runed translucent gate.
  4693 | D:5      | Found a runed translucent gate.
  4694 | D:5      | Noticed Jazqba's ghost (novice TrHu)
  4697 | D:5      | Identified the +0 plate armour "Epnepap" {Dex+3}
  4777 | D:5      | Identified the +3 ring mail of Suunub {Str+3 Slay+3}
  5014 | D:5      | Found Oliuwyw's Book Emporium.
  5334 | D:4      | Gained mutation: You are frail. (-10% HP) [potion of
                  | mutation]
  5334 | D:4      | Gained mutation: You are agile. (Dex +2) [potion of
                  | mutation]
  5334 | D:4      | Lost mutation: You are frail. (-10% HP) [potion of
                  | mutation]
  5339 | D:4      | Reached skill level 1 in Stealth
  6268 | D:4      | Slain by a wight

Illustrated notes

Levels and vault maps discovered:
D:1:      nzn_arrival_water_spiral, layout_basic
D:2:      layout_loops_ring, dreamdust_ecumenical_altar_angels_and_demons,
          basic_altar, grunt_ministairs_11
D:3:      layout_loops_cross, nemelex_xobeh_ov_fountains_minmay,
          minmay_joined_circles
D:4:      layout_basic, marbit_many_paths, mainiacjoe_overflow_brackets
D:5:      layout_loops_cross, biasface_ghost_orc_armoury, serial_shops, shop,
          minmay_misc_feat_ornament, st_stairs_2, uniq_ijyb

Skill      XL: |  1  2  3  4  5  6  7 |
---------------+----------------------+-----
Unarmed Combat | 4 5 6 |  6.5
Poison Magic   | 1 3 4 |  4.1
Transmutations | 3 4 |  4.2
Invocations    | 1 2 |  2.9
Stealth        | 1 |  1.9
Fighting       | |  1.1
Dodging        | |  2.1
Spellcasting   | |  2.1

Action                   |  1- 3 |  4- 6 |  7- 9 || total
-------------------------+-------+-------+-------++-------
Melee: Unarmed           |    38 |   119 |    46 ||   203
       Tentacles         |    14 |    30 |    14 ||    58
       Constrict         |    13 |    32 |    13 ||    58
       Punch             |     3 |     7 |     3 ||    13
       Kick              |     7 |    34 |    15 ||    56
 Cast: Beastly Appendage |     5 |    24 |    11 ||    40
       Spider Form       |       |     1 |       ||     1
       Wereblood         |       |     1 |       ||     1
  Use: Potion            |     1 |       |     2 ||     3
       Scroll            |       |     3 |     1 ||     4
 Stab: Sleeping          |     4 |     9 |     3 ||    16
Armor: Skin              |     2 |    10 |     2 ||    14
Dodge: Dodged            |    20 |    67 |    30 ||   117
